 Dungeon Crawl Stone Soup version 0.30-a0-509-gd016549fea (webtiles) character file.

Game seed: 14763066715380667513

79 themarg the Changer (level 4, 0/31 (37) HPs)
             Began as a Draconian Transmuter on Dec 23, 2022.
             Asphyxiated
             ... on level 3 of the Dungeon.
             The game lasted 00:05:06 (1924 turns).

themarg the Changer (Draconian Transmuter)          Turns: 1924, Time: 00:05:06

HP:   0/31 (37)     AC:  2    Str: 12    XL:     4   Next: 17%
MP:   4/8           EV: 23    Int: 21    God:
Gold: 142           SH:  0    Dex: 17    Spells: 2/8 levels left

rFire   . . .      SeeInvis .      - Unarmed
rCold   . . .      Faith    .    (shield currently unavailable)
rNeg    . . .      Spirit   .    (body armour unavailable)
rPois   x          Reflect  .    (helmet currently unavailable)
rElec   .          Harm     .    (cloak currently unavailable)
rCorr   .          Rampage  .    (gloves currently unavailable)
Will    .....                    (boots currently unavailable)
Stlth   ++........               (no amulet)
HPRegen 0.25/turn                h - +4 ring of evasion
MPRegen 0.11/turn                k - +6 ring of intelligence

@: lethally poisoned (0 -> -17), spider-form, heavily drained
A: venomous fangs, AC +5, tiny, unfitting armour, (cold-blooded)
a: End Transformation


You were on level 3 of the Dungeon.
You were a venomous arachnid creature.
You visited 1 branch of the dungeon, and saw 3 of its levels.

You collected 142 gold pieces.

Inventory:

Hand Weapons
 o - the +6 whip of Embarrassment (melded) {vorpal, rF+ Dex+4}
   (You found it on level 3 of the Dungeon)

   It inflicts extra damage upon your enemies.
   Dex:       It affects your dexterity (+4).
   rF:        It protects you from fire.
 p - the +3 dagger of Neumeq {vorpal, rN+ rCorr Dex+2 Stlth-}
   (You found it on level 3 of the Dungeon)

   It inflicts extra damage upon your enemies.
   Dex:       It affects your dexterity (+2).
   rN:        It protects you from negative energy.
   rCorr:     It protects you from acid and corrosion.
   Stlth:     It makes you less stealthy.
Missiles
 b - 19 stones
Jewellery
 c - a +6 ring of intelligence
 h - a +4 ring of evasion (left front leg)
 i - a ring of flight
 k - a +6 ring of intelligence (right front leg)
Scrolls
 e - 5 scrolls of identify {unknown}
 j - a scroll of silence {unknown}
 m - a scroll of brand weapon {unknown}
Potions
 a - a potion of lignification
 d - a potion of brilliance {unknown}
 f - 2 potions of curing {unknown}
 g - a potion of heal wounds {unknown}
 l - 3 potions of might {unknown}
 n - a potion of mutation {unknown}


   Skills:
 + Level 2.3 Fighting
 - Level 1.7 Dodging
 - Level 3.0 Unarmed Combat
 + Level 2.7 Spellcasting
 * Level 3.2 Transmutations
 + Level 0.9 Poison Magic


You had 2 spell levels left.
You knew the following spells:

 Your Spells              Type           Power      Damage    Failure   Level
a - Beastly Appendage     Tmut           32%        N/A       12%         1
b - Wereblood             Tmut           16%        N/A       16%         2
c - Spider Form           Tmut/Pois      11%        N/A       38%         3

Your spell library contained the following spells:

 Spells                   Type           Power      Damage    Failure   Level
 Scorch                   Fire           4%         2d5       41%         2
 Hailstorm                Conj/Ice       2%         3d3       61%         3
 Ice Form                 Ice/Tmut       9%         N/A       77%         4
 Flame Wave               Conj/Fire      2%         2d4       92%         4
 Simulacrum               Ice/Necr       1%         N/A       100%        6
 Summon Cactus Giant      Summ           1%         N/A       100%        6


Dungeon Overview and Level Annotations

Branches:
Dungeon (3/15)

Altars:

Shops:
D:2 (


Innate Abilities, Weirdness & Mutations

You are a venomous arachnid creature.
You have poisonous fangs.
You are tiny and dextrous.
Your spellcasting is less reliable in this form.
Your armour is entirely melded.
You are incapable of wielding weapons or throwing items.
((Your plain brown scales are hard. (AC +5)))
You cannot fit into any form of body armour.
((You are cold-blooded and may be slowed by cold attacks.))


Message History

The kobold shouts!
The kobold brigand hits you with a +0 dagger of draining.
You feel drained.
You hit the kobold brigand.
The kobold brigand is poisoned.
The kobold brigand is lightly wounded.
The kobold brigand hits you with a +0 dagger of draining!
* * * LOW HITPOINT WARNING * * *
You feel drained.
* * * LOW HITPOINT WARNING * * *
The kobold misses you.
The kobold brigand attacks as you move away!
The kobold brigand hits you with a +0 dagger of draining.
* * * LOW HITPOINT WARNING * * *
You feel drained.
* * * LOW HITPOINT WARNING * * *
The kobold brigand throws a curare-tipped dart.
The curare-tipped dart misses you.
Your transformation is almost over.
Things that are here:
a +0 club; a hobgoblin corpse The kobold brigand throws a curare-tipped dart.
The curare-tipped dart barely misses you.
Things that are here:
a +0 club; a +0 club; a kobold corpse
Things that are here:
a +0 dagger; a kobold corpse Your transformation has ended.
The +6 whip of Embarrassment {vorpal, rF+ Dex+4} unmelds from your body.
Casting: Spider Form (quite dangerous; 19% risk of failure)
Confirm with . or Enter, or press ? or * to list all spells.
The spell is quite dangerous to miscast (19% risk of failure)!
Continue anyway?
You turn into a venomous arachnid creature.
The +6 whip of Embarrassment {vorpal, rF+ Dex+4} melds into your body.
The kobold brigand throws a curare-tipped dart.
The curare-tipped dart closely misses you.
The kobold brigand throws a curare-tipped dart.
The curare-tipped dart hits you.
You are lethally poisoned!
You have difficulty breathing.
You die...

....# #....# ###.####.##.#
###......##.# #######
.##########.#####.....# .#
............+.....# #### .#
########.####.....# #..######
.# ########.# #.#####
#..#§≈≈§≈ ##
#........####.#######..'§....
.>~~~~~.....s.....KK...#§####
~~~~≈~~~#...########...#≈...$
##~≈≈≈~~~~###.....###..#≈.###
###≈######.....)KK)...#≈.#..
###.......#####.....#≈.#.#
#####
........###≈≈≈####..#≈.#.#
....# #...######~~~≈~~~
##.#≈.#.. ###.# # ~~~~~~~~#
#.# #.# ####~~~### ##


You could see a kobold brigand and a kobold.

Vanquished Creatures
  2 adders
  3 worms
  3 endoplasms
  3 giant cockroaches
  A goblin (D:2)
  6 hobgoblins
  4 jackals (D:1)
  7 kobolds
  2 quokkas
  6 ball pythons
  5 bats
  8 rats
50 creatures vanquished.

Notes
Turn   | Place    | Note
-------+----------+-------------------------------------------
     0 | D:1      | themarg the Draconian Transmuter began the quest for the
                  | Orb.
     0 | D:1      | Reached XP level 1. HP: 16/16 MP: 3/3
   328 | D:1      | Reached XP level 2. HP: 22/23 MP: 3/5
   331 | D:1      | Learned a level 2 spell: Wereblood
   808 | D:2      | Reached XP level 3. HP: 29/29 MP: 4/6
   812 | D:2      | Learned a level 3 spell: Spider Form
   856 | D:2      | Found Xistap's Weapon Emporium.
  1373 | D:3      | Reached XP level 4. HP: 32/36 MP: 5/8
  1438 | D:3      | Identified the +6 whip of Embarrassment {vorpal, rF+ Dex+4}
  1747 | D:3      | Identified the +3 dagger of Neumeq {vorpal, rN+ rCorr Dex+2
                  | Stlth-}
  1893 | D:3      | Noticed a kobold brigand
  1904 | D:3      | HP: 1/31 [kobold brigand/+0 dagger of draining (1)]
  1924 | D:3      | Asphyxiated

Illustrated notes

Levels and vault maps discovered:
D:1:      minmay_arrival_cross, layout_basic
D:2:      layout_basic, serial_shops, shop, minmay_misc_feat_doors
D:3:      cheibrodos_thug_alley, layout_basic, minmay_misc_feat_iff,
          kennysheep_small_spiral, kennysheep_generic_room_7

Skill      XL: |  1  2  3 |
---------------+----------+-----
Fighting       | 2 |  2.3
Transmutations | 3 |  3.2
Dodging        | |  1.7
Unarmed Combat | |  3.0
Spellcasting   | |  2.7
Poison Magic   | |  0.9

Action                   |  1- 3 |  4- 6 || total
-------------------------+-------+-------++-------
Melee: Dagger            |   139 |     2 ||   141
       Kick              |    26 |       ||    26
       Tailslap          |    15 |       ||    15
       Headbutt          |     9 |     1 ||    10
       Unarmed           |     1 |     5 ||     6
       Punch             |     2 |       ||     2
       Whip              |       |     9 ||     9
 Cast: Beastly Appendage |    28 |     6 ||    34
       Wereblood         |     2 |       ||     2
       Spider Form       |       |     2 ||     2
 Stab: Sleeping          |     1 |       ||     1
Armor: Skin              |    26 |     2 ||    28
Dodge: Dodged            |   101 |    16 ||   117

Table legend: (Time is in decaauts)
 A = Elapsed time spent in this place.
 B = Non-inter-level travel time spent in this place.
 C = Inter-level travel time spent in this place.
 D = Time resting spent in this place.
 E = Time spent auto-exploring this place.
 F = Levels seen in this place.
 G = Mean time per level.
                   A        B        C        D        E       F      G
               +--------+--------+--------+--------+--------+-----+--------+
         Total |   1920 |   1896 |     24 |      0 |   1460 |   3 |  640.0 |
       Dungeon |   1920 |   1896 |     24 |      0 |   1460 |   3 |  640.0 |
               +--------+--------+--------+--------+--------+-----+--------+

Top non-repeatable levels by time:
     D:3: 729 daAuts
     D:2: 632 daAuts
     D:1: 558 daAuts
